Map: Deathaura LE

Players

ByuN

  • Race: Terran Terran
  • Spawn Location: 11:00

TYTY (TY) - Winner!

  • Race: Terran Terran
  • Spawn Location: 5:00

Event: IEM Katowice 2021

VOD

Have the link to the VOD?

Description

Time

  • Played on: Feb. 22, 2021, 12:53 p.m.
  • Length: 8:32

All games in this series

Show
View Real Time Build Order
Export as new Build Order

ByuN Terran 

Build Orders: Reaper Expand 

Get SALT Encoding   

  12  0:00  SCV  
  13  0:12  SCV  
  14  0:17  Supply Depot  
  14  0:24  SCV  
  15  0:38  SCV  
  15  0:40  Barracks  
  16  0:42  Refinery  
  16  0:50  SCV  
  17  1:02  SCV  
  18  1:15  SCV  
  19  1:27  Reaper, Orbital Command  
  20  1:38  Command Center  
  20  1:45  Supply Depot  
  20  1:52  SCV  
  21  1:58  Marine  
  22  2:03  Factory  
  22  2:05  SCV  
  23  2:12  Refinery  
  23  2:17  SCV  
  23  2:19  Barracks Reactor  
  24  2:24  Bunker  
  24  2:29  SCV  
  25  2:42  SCV  
  26  2:47  Hellion, Starport  
  26  2:50  Orbital Command  
  28  2:57  SCV  
  30  2:59  Marine  
  30  3:01  Marine  
  31  3:10  Factory Tech Lab  
  32  3:17  SCV x2, Marine  
  32  3:18  Marine  
  35  3:22  Refinery  
  35  3:29  SCV x2  
  35  3:33  Raven  
  35  3:34  Factory Tech Lab  
  39  3:35  Marine  
  39  3:36  Marine  
  39  3:37  Supply Depot  
  39  3:41  SCV x2  
  43  3:52  Marine  
  43  3:54  Marine  
  45  3:58  SCV  
  45  3:59  SCV, Cyclone  
  45  4:01  Supply Depot  
  49  4:10  Marine  
  49  4:11  SCV x2  
  49  4:12  Marine  
  53  4:23  Raven, SCV x2  
  55  4:33  Siege Tank  
  55  4:36  SCV x2  
  59  4:46  Supply Depot  
  59  4:48  SCV  
  59  4:49  SCV  
  59  4:51  Marine  
  62  4:56  Command Center  
  62  5:08  SCV x2, Supply Depot  
  62  5:10  Siege Tank  
  67  5:15  Barracks  
  67  5:16  Starport Reactor  
  67  5:20  SCV x2  
  69  5:21  Barracks  
  69  5:24  Stimpack, Marine  
  70  5:32  SCV x2  
  71  5:36  Engineering Bay  
  71  5:39  Refinery, Engineering Bay  
  71  5:41  Marine  
  70  5:44  SCV x2  
  72  5:56  SCV x2, Siege Tank  
  77  5:59  Marine  
  77  6:03  Starport Reactor  
  78  6:04  Supply Depot  
  78  6:05  Supply Depot, Terran Infantry Armor Level 1, Terran Infantry Weapons Level 1  
  78  6:16  Marine x2  
  78  6:17  SCV x2  
  78  6:18  Marine x2, Orbital Command  
  84  6:21  Marine  
  85  6:29  SCV x2  
  86  6:33  Barracks  
  86  6:34  Barracks, Marine x2  
  86  6:35  Marine  
  86  6:36  Marine  
  86  6:39  Marine  
  91  6:41  SCV x2  
  91  6:45  Siege Tank  
  94  6:52  Marine x2  
  92  6:56  SCV  
  92  6:57  SCV  
  92  7:01  Marine  
  94  7:06  Supply Depot  
  94  7:07  Supply Depot  
  93  7:09  Armory  
  93  7:10  Barracks, Marine  
  93  7:11  Barracks  
  93  7:13  Barracks  
  92  7:20  Marine x2, Siege Tank  
  96  7:28  SCV x2  
  56  7:40  SCV x2, Orbital Command  
  55  7:45  Marine x2  
  57  7:52  SCV x2  
  57  7:57  Starport  
  59  8:04  SCV x2, Barracks Reactor x2  
  59  8:05  Barracks Reactor  
  61  8:10  Marine  
  62  8:16  SCV x2  
  65  8:22  Refinery  
Show
View Real Time Build Order
Export as new Build Order

TYTY Terran - Winner!

Build Orders:  

Get SALT Encoding   

  12  0:00  SCV  
  13  0:12  SCV  
  14  0:16  Supply Depot  
  14  0:24  SCV  
  15  0:38  SCV  
  15  0:39  Barracks  
  15  0:42  Refinery  
  16  0:50  SCV  
  16  0:52  Refinery  
  17  1:02  SCV  
  18  1:14  SCV  
  19  1:26  Reaper, Orbital Command  
  19  1:27  Supply Depot  
  20  1:40  Factory  
  20  1:53  SCV  
  21  1:58  Reaper  
  22  2:05  SCV  
  23  2:14  Command Center  
  24  2:22  SCV  
  24  2:23  Hellion  
  26  2:32  Barracks Reactor  
  26  2:35  SCV  
  27  2:37  Starport  
  27  2:43  Supply Depot  
  27  2:47  SCV  
  27  2:50  Widow Mine  
  30  2:59  SCV  
  31  3:08  Marine  
  31  3:09  Marine  
  31  3:11  SCV, Factory Tech Lab  
  34  3:13  Medivac  
  36  3:26  Marine x2, Orbital Command  
  39  3:32  SCV, Siege Tank  
  42  3:44  SCV, Marine x2  
  42  3:46  Starport Tech Lab  
  45  3:50  Barracks  
  45  3:52  SCV  
  46  3:56  SCV  
  46  4:02  Marine  
  48  4:04  SCV  
  48  4:09  Raven, SCV, Supply Depot  
  52  4:10  Marine  
  52  4:16  SCV, Refinery  
  54  4:30  SCV x2, Marine x2  
  57  4:43  SCV x2  
  57  4:45  Stimpack, Factory Reactor  
  60  4:48  Marine  
  61  4:53  Command Center  
  61  4:54  Supply Depot  
  61  4:55  SCV x2  
  62  5:02  Starport Reactor  
  62  5:07  Supply Depot  
  62  5:09  Supply Depot  
  62  5:15  Marine x3  
  62  5:16  Siege Tank  
  62  5:20  SCV  
  67  5:29  SCV  
  67  5:32  SCV  
  67  5:34  Marine x3  
  71  5:38  Medivac x2  
  71  5:40  Engineering Bay x2  
  75  5:45  SCV x2  
  77  5:50  Supply Depot  
  77  5:51  Siege Tank  
  77  5:52  Marine x2  
  77  5:54  Marine  
  83  5:58  SCV  
  83  5:59  SCV  
  83  6:00  Barracks  
  85  6:05  Orbital Command  
  85  6:10  Marine x2  
  87  6:12  Marine  
  87  6:13  Terran Infantry Weapons Level 1  
  87  6:14  SCV x2, Starport Reactor, Refinery  
  87  6:17  Terran Infantry Armor Level 1  
  90  6:24  Combat Shield  
  90  6:26  SCV  
  90  6:31  SCV x2  
  90  6:38  SCV  
  88  6:43  SCV  
  88  6:46  Marine x2  
  91  6:48  SCV  
  91  6:50  SCV  
  93  6:55  Medivac, SCV  
  93  7:00  SCV, Supply Depot  
  93  7:01  Supply Depot  
  97  7:02  Marine  
  97  7:03  Marine  
  97  7:04  SCV  
  100  7:09  SCV  
  100  7:10  Marine  
  100  7:12  SCV, Barracks  
  100  7:13  Barracks  
  102  7:16  Supply Depot  
  102  7:17  Supply Depot  
  102  7:19  SCV, Marine  
  102  7:21  SCV  
  103  7:23  Marine  
  103  7:25  Armory  
  103  7:26  Missile Turret  
  103  7:27  SCV  
  103  7:28  Marine  
  105  7:31  SCV  
  105  7:34  Medivac x2  
  93  7:37  SCV, Marine  
  93  7:39  SCV  
  93  7:41  Marine  
  93  7:43  SCV  
  87  7:49  SCV  
  87  7:51  SCV  
  87  7:52  Marine x2  
  87  7:55  SCV  
  90  7:59  Siege Tank  
  90  8:01  SCV  
  90  8:03  SCV, Marine x3  
  90  8:04  Marine x2  
  98  8:07  SCV, Refinery  
  98  8:08  Refinery  
  100  8:15  SCV x2  
  100  8:19  SCV  

Tags
 
Add a new tag
Caveats
  • Supply blocks, unpowered buildings, or Contaminate may cause inaccurate times.
  • Supply counts are checked every 10 seconds.